 Dungeon Crawl Stone Soup version 0.30.0-5-g1a98f26d00 (webtiles) character file.

Game seed: 7141060044947166557

70 GloriousHammer the Sneak (level 4, -5/24 HPs)
             Began as a Tengu Enchanter on May 9, 2023.
             Slain by a sleepcap (7 damage)
             ... on level 4 of the Dungeon.
             The game lasted 00:05:11 (3427 turns).

GloriousHammer the Sneak (Tengu Enchanter)          Turns: 3427, Time: 00:05:12

Health: -5/24      AC:  2    Str:  8    XL:     4   Next: 22%
Magic:  8/8        EV: 12    Int: 18    God:
Gold:   156        SH:  0    Dex: 14    Spells: 1/7 levels left

rFire   . . .        a - +1 dagger
rCold   . . .        (no shield)
rNeg    . . .        b - +0 robe
rPois   .            (helmet restricted)
rElec   .            (no cloak)
rCorr   .            (no gloves)
SInv    .            (boots unavailable)
Will    .....        (no amulet)
Stlth   ++           (no ring)
HPRegen 0.24/turn    (no ring)
MPRegen 0.11/turn

%: no passive effects
@: invisible
A: beak, talons 3
a: no special abilities


You were on level 4 of the Dungeon.
You visited 1 branch of the dungeon, and saw 4 of its levels.

You collected 156 gold pieces.

Inventory:

Hand Weapons
 a - a +1 dagger (weapon)
Armour
 b - a +0 robe (worn)
Magical Staves
 j - a staff of conjuration
Jewellery
 n - the amulet of the Princess {Spirit Int+2 Dex+2 Slay+3}
   (You found it on level 3 of the Dungeon)

   [amulet of guardian spirit]

   It causes incoming damage to be divided between your reserves of health and
   magic.
   Int:       It affects your intelligence (+2).
   Dex:       It affects your dexterity (+2).
   Slay:      It affects your accuracy & damage with ranged weapons and melee
   (+3).
 E - a +5 ring of evasion
Wands
 o - a wand of flame (9)
Scrolls
 f - a scroll of vulnerability {unknown}
 h - 2 scrolls of teleportation
 i - a scroll of noise {unknown}
 k - a scroll of enchant armour {unknown}
 l - a scroll of fog
 m - a scroll of brand weapon {unknown}
 p - a scroll of identify {unknown}
Potions
 c - a potion of invisibility
 d - 3 potions of curing {unknown}
 e - a potion of heal wounds {unknown}
 g - a potion of cancellation {unknown}


   Skills:
 + Level 1.9 Short Blades
 + Level 2.7 Dodging
 + Level 3.3 Stealth
 + Level 2.4 Spellcasting
 * Level 2.8 Hexes


You had one spell level left.
You knew the following spells:

 Your Spells              Type           Power      Damage    Failure   Level
a - Tukima's Dance        Hex            12%        N/A       16%         3
b - Confusing Touch       Hex            12%        N/A       16%         3

Your spell library contained the following spells:

 Spells                   Type           Power      Damage    Failure   Level
 Apportation              Tloc           4%         N/A       17%         1
 Necrotise                Necr           8%         1d4       17%         1
 Sandblast                Erth           4%         2d4       17%         1
 Summon Small Mammal      Summ           8%         N/A       17%         1
 Ensorcelled Hibernation  Hex/Ice        14%        N/A       14%         2
 Passwall                 Tmut/Erth      1%         N/A       26%         2
 Dazzling Flash           Conj/Hex       14%        N/A       28%         3
 Stone Arrow              Conj/Erth      4%         3d7       45%         3


Dungeon Overview and Level Annotations

Branches:
Dungeon (4/15)
 Temple: D:4-7

Altars:
Ashenzari


Innate Abilities, Weirdness & Mutations

You have a beak for a mouth.
You have claws for feet.


Message History

The orc hits your +0 mace.
Your +0 mace hits the orc but does no damage.
The orc hits your +0 mace.
Your +0 mace falls from the air.
The orc hits you.
You hit the orc.
The orc is heavily wounded.
The orc barely misses you.
You hit the orc. Your peck misses the orc.
The orc is severely wounded.
The orc hits you.
You closely miss the orc. You claw the orc, but do no damage.
The orc is severely wounded.
The orc hits you.
You hit the orc. Your peck misses the orc.
The orc is almost dead.
The orc hits you.
You hit the orc.
You kill the orc!
Items here: ))) [ ††††.
You start resting.
HP restored.
You start resting.
Magic restored.
You see here a +0 whip.
There is an open door here.
You open the large door.
There is a large open door here.
There is a large open door here.
You now have 87 gold pieces (gained 4).
o - a wand of flame (9)
Found an escape hatch in the floor.
There is an escape hatch in the floor here.
p - a scroll labelled MAXETHR DOHUCOPS You open the door.
There is an open door here.
You pick up a book of Cantrips and begin reading...
You add the spells Necrotise, Summon Small Mammal and Apportation to your library.
You open the door.
There is an open door here.
Found a stone staircase leading up.
You now have 96 gold pieces (gained 9).
There is an open door here.
There is an open door here.
There is an escape hatch in the floor here.
There is a large open door here.
There is a large open door here.
There is an open door here.
You see here a +0 whip.
Items here: ))) [ ÷÷÷÷.
There is a stone staircase leading down here.
A kobold comes into view. It is wielding a +0 dagger.
A kobold is nearby!
A kobold is nearby!
The kobold misses you.
You hit the kobold.
You kill the kobold!
Things that are here:
a +0 dagger; 3 stones; a kobold corpse
Things that are here:
a +0 dagger; 3 stones; a kobold corpse
Things that are here:
a +0 short sword; 2 stones
Things that are here:
a +0 dagger; a +0 scale mail
Things that are here:
a +0 short sword; 5 stones
Found a robe.
A giant cockroach comes into view.
The giant cockroach bites you but does no damage.
You barely miss the giant cockroach.
You claw the giant cockroach, but do no damage.
The giant cockroach closely misses you.
You closely miss the giant cockroach. The giant cockroach bites you.
You hit the giant cockroach but do no damage.
You claw the giant cockroach.
The giant cockroach is moderately wounded.
The giant cockroach misses you.
You hit the giant cockroach.
You kill the giant cockroach!
You have reached level 4!
You feel clever.
You see here a giant cockroach corpse.
You see here a +0 robe.
A ball python comes into view.
A ball python is nearby!
The helpless ball python fails to defend itself.
You puncture the ball python!
You kill the ball python!
You open the door.
There is an open door here.
A ball python and an adder come into view.
There are monsters nearby!
Found 8 gold pieces.
The helpless ball python fails to defend itself.
You puncture the ball python!
You kill the ball python!
The adder hisses angrily.
The adder bites you but does no damage. The adder bites you.
You are poisoned.
The adder poisons you!
You hit the adder.
The adder is moderately wounded.
You feel sick. The adder closely misses you.
You hit the adder but do no damage. You peck the adder.
The adder is moderately wounded.
You feel sick. The adder bites you.
You hit the adder. Your peck misses the adder. Your punch misses the adder.
The adder is heavily wounded.
You feel sick. The adder barely misses you.
Casting: Tukima's Dance (extremely dangerous; 17% risk of failure)
Confirm with . or Enter, or press ? or * to list all spells.
Your hands begin to glow red.
You feel sick.
You are no longer poisoned.
The adder misses you.
You miss the adder.
The adder is heavily wounded.
The adder bites you.
You are poisoned.
The adder poisons you! The adder bites you.
You are more poisoned.
The adder poisons you!
You hit the adder but do no damage.
The adder appears confused.
The adder is heavily wounded.
You feel sick.
You hit the adder. You claw the adder, but do no damage.
Your peck misses the adder.
The adder is heavily wounded.
You feel sick. The adder bites you but does no damage.
You closely miss the adder. You peck the adder, but do no damage.
The adder is heavily wounded.
You feel sick. The adder closely misses you.
The adder bites itself.
You hit the adder.
You kill the adder!
You feel sick.
Unknown command.
You start resting.
You feel sick. x4
You are no longer poisoned.
You start resting.
Magic restored.
You start resting.
HP restored.
You see here an adder corpse.
You now have 109 gold pieces (gained 13).
l - 2 scrolls labelled YCEMUPNIKOV (gained 1)
You now have 117 gold pieces (gained 8).
You now have 125 gold pieces (gained 8).
As you read the scroll labelled IFFEISU QIBOT, it crumbles to dust.
You feel strangely unstable.
It was a scroll of teleportation.
As you read the scroll labelled YCEMUPNIKOV, it crumbles to dust.
The scroll dissolves into smoke.
It was a scroll of fog.
Okay, then.
Done exploring.
Done exploring.
Your surroundings suddenly seem different.
You start waiting.
Done waiting.
You start waiting.
Done waiting.
(D) Dungeon
Where to? (Enter - D:2, ? - help)
There is a stone staircase leading down here.
You climb downwards.
Found 4 stones and 14 gold pieces.
There is a stone staircase leading up here.
A hobgoblin is nearby!
The helpless hobgoblin fails to defend itself.
You puncture the hobgoblin!
You kill the hobgoblin!
Found 17 gold pieces.
You see here 4 stones.
Found an escape hatch in the ceiling.
You now have 139 gold pieces (gained 14).
A sleepcap comes into view.
You see here 17 gold pieces.
You now have 156 gold pieces (gained 17).
You completely miss the sleepcap.
You peck the sleepcap, but do no damage.
The sleepcap releases spores at you.
You hit the sleepcap.
You claw the sleepcap, but do no damage.
The sleepcap is lightly damaged.
The sleepcap closely misses you.
You hit the sleepcap. You claw the sleepcap.
The sleepcap is moderately damaged.
The sleepcap releases spores at you!
You are engulfed in a cloud of soporific spores!
You fall asleep.
A hound comes into view.
The sleepcap releases spores at you!
You wake up.
* * * LOW HITPOINT WARNING * * *
You are engulfed in a cloud of soporific spores!
You are unaffected.
You fade into invisibility!
The sleepcap barely misses you.
The hound barks!
You hit the sleepcap. You claw the sleepcap.
The sleepcap is moderately damaged.
The sleepcap releases spores at you!
You die...

### #<. .... #.# #...
#.# #..# #.# #..# #.#
#..# #.# #..# .## #.#
#h.#########..
....###.###.....@f.....#
.............########.##
........(.....#
.##..##.#####.# .....
#<# .# ###. #.# .# # #..
.. #### .#


You could see a sleepcap (unable to see you) and a hound.

Vanquished Creatures
  2 adders (D:3)
  A worm (D:2)
  3 orcs (D:3)
  An endoplasm (D:2)
  5 giant cockroaches
  4 goblins
  5 hobgoblins
  7 jackals
  4 kobolds (D:3)
  3 ball pythons
  3 bats
  A frilled lizard (D:3)
  A rat (D:1)
40 creatures vanquished.

Vanquished Creatures (others)
  2 dancing weapons (D:3)
2 creatures vanquished.

Grand Total: 42 creatures vanquished

Notes
Turn   | Place    | Note
-------+----------+-------------------------------------------
     0 | D:1      | GloriousHammer the Tengu Enchanter began the quest for the
                  | Orb.
     0 | D:1      | Reached XP level 1. HP: 10/10 MP: 4/4
   137 | D:1      | Reached XP level 2. HP: 15/15 MP: 6/6
  1599 | D:2      | Reached XP level 3. HP: 19/19 MP: 7/7
  1825 | D:3      | Learned a level 3 spell: Tukima's Dance
  1829 | D:3      | Learned a level 3 spell: Confusing Touch
  2504 | D:3      | Found a broken altar of Ashenzari.
  2525 | D:3      | Identified the amulet of the Princess {Spirit Int+2 Dex+2
                  | Slay+3}
  3054 | D:3      | Reached XP level 4. HP: 23/24 MP: 8/8
  3427 | D:4      | Slain by a sleepcap

Illustrated notes

Levels and vault maps discovered:
D:1:      wander_arrival_desolate, layout_basic, ebering_dispersal_statue_hall,
          nicolae_hexahallways
D:2:      layout_basic, pf_guarded_unrand_woodcutter
D:3:      minmay_wonky_spiral, layout_basic, ashenzari_conservatory_becter,
          chequers_hall_statues_corner_a
D:4:      layout_loops_ring, nicolae_overflow_hidden_temple

Action                     |  1- 3 |  4- 6 || total
---------------------------+-------+-------++-------
  Melee: Dagger            |   102 |    15 ||   117
         Kick              |    25 |     4 ||    29
         Peck              |    13 |     3 ||    16
         Punch             |     1 |       ||     1
   Cast: Tukima's Dance    |     2 |       ||     2
         Confusing Touch   |     1 |     1 ||     2
    Use: Scroll            |       |     2 ||     2
         Potion            |       |     1 ||     1
   Stab: Sleeping          |     7 |     3 ||    10
         Confused          |     1 |       ||     1
 Armour: Robe              |    25 |     2 ||    27
  Dodge: Dodged            |    52 |     6 ||    58
